 Dungeon Crawl Stone Soup version 0.30.1 (webtiles) character file.

Game seed: 10472987432104479587

693 DwarfAlpaca the Magician (level 7, -1/45 HPs)
             Began as a Djinni Conjurer on July 12, 2023.
             Slain by a gnoll
             ... wielding a +0 spear
             ... led by a gnoll bouda
              (7 damage)
             ... on level 5 of the Dungeon.
             The game lasted 00:21:33 (3872 turns).

DwarfAlpaca the Magician (Djinni Conjurer)          Turns: 3872, Time: 00:21:34

Health: -1/45      AC:  5    Str:  6    XL:     7   Next: 96%
Gold:   187        EV: 12    Int: 21    God:
                   SH:  0    Dex: 12

rFire   + + +        i - +0 dagger (elec)
rCold   . . .        (no shield)
rNeg    . . .        n - +2 robe {rC+ rF+}
rPois   ∞            (no helmet)
rElec   .            (no cloak)
rCorr   .            f - +0 pair of gloves
SInv    .            (boots unavailable)
Will    .....        s - amulet of the acrobat
Stlth   ++           (no ring)
HPRegen 0.27/turn    (no ring)
MPRegen 0.00/turn

%: acrobat, infuse magic (-2 HP)
@: about to teleport, flying
A: sickness immunity, fire resistance 2, cold vulnerability 1, float, innate
caster, HP casting, extra vitality 1
a: no special abilities


You were on level 5 of the Dungeon.
You visited 1 branch of the dungeon, and saw 5 of its levels.

You collected 187 gold pieces.

Inventory:

Hand Weapons
 i - a +0 dagger of electrocution (weapon)
Armour
 d - an orb of mayhem
 f - a +0 pair of gloves (worn)
 n - a +2 robe of resistance (worn)
Jewellery
 s - an amulet of the acrobat (around neck)
 w - a ring of see invisible
 x - a ring of resist corrosion
Scrolls
 a - a scroll of magic mapping {unknown}
 c - 3 scrolls of identify
 e - 2 scrolls of fear {unknown}
 g - 2 scrolls of blinking {unknown}
 h - 3 scrolls of teleportation
 k - a scroll of amnesia {unknown}
 m - a scroll of fog {unknown}
 o - 2 scrolls of enchant weapon {unknown}
 t - a scroll of enchant armour {unknown}
 u - a scroll of immolation {unknown}
 y - a scroll of torment {unknown}
Potions
 b - a potion of cancellation {unknown}
 j - 2 potions of heal wounds {unknown}
 l - 2 potions of curing {unknown}
 p - 2 potions of berserk rage {unknown}
 q - 4 potions of haste {unknown}
 r - a potion of degeneration {unknown}
 v - 2 potions of attraction {unknown}


   Skills:
 - Level 2.1 Dodging
 - Level 1.5 Stealth
 + Level 7.1 Spellcasting


You knew the following spells:

 Your Spells              Type           Power      Damage    Failure   Level
a - Magic Dart            Conj           100%       1d8       1%          1
b - Searing Ray           Conj           74%        2d7       1%          2
c - Dazzling Flash        Conj/Hex       74%        N/A       1%          3
d - Fulminant Prism       Conj/Hex       18%        3d11      4%          4
e - Iskenderun's Mystic   Conj/Tloc      37%        2d9       4%          4
f - Beastly Appendage     Tmut           74%        N/A       1%          1
g - Scorch                Fire           74%        2d8       1%          2
h - Ensorcelled Hibernat  Hex/Ice        74%        N/A       1%          2
Your spell library was empty.

Dungeon Overview and Level Annotations

Branches:
Dungeon (5/15)
 Temple: D:4-7

Altars:
Wu Jian

Annotations:
D:2 Sigmund


Innate Abilities, Weirdness & Mutations

You are immune to sickness and miasma.
You are immune to poison.
Your flesh is very heat resistant. (rF++)
You are vulnerable to cold. (rC-)
You float through the air rather than walking.
You learn spells naturally, not from books.
Your magical power is your life essence.
You have superior vitality. (+4 MHP)


Message History

The searing ray hits the orc.
The orc is lightly wounded.
The searing ray hits the orc.
The orc is severely wounded. (Press . to maintain the ray.)
The gnoll bouda shouts!
The gnoll bouda barks out a call to the hunt!
The gnolls pick up the pace!
The searing ray hits the orc.
The orc is almost dead.
The searing ray hits the orc wizard.
The orc wizard is lightly wounded.
The searing ray hits the orc.
You kill the orc!
The searing ray hits the orc wizard.
The orc wizard is heavily wounded.
The gnoll hits you from afar with a +0 spear!
A gnoll comes into view. It is wielding a +0 halberd.
As you read the scroll of teleportation, it crumbles to dust.
You feel strangely unstable.
The gnoll hits you from afar with a +0 spear.
* * * LOW HITPOINT WARNING * * *
Casting: Searing Ray (safe; 1% risk of failure)
Confirm with . or Enter, or press ? or * to list all spells.
Aiming: Searing Ray (safe; 1% risk of failure)
Press: ? - help, Shift-Dir - straight line, f - orc wizard, p - orc
Aim: an orc wizard, wielding a +2 dagger of venom and wearing a +0 robe (heavily wounded, 76% to hit)
The searing ray hits the gnoll!
The gnoll is almost dead.
The searing ray hits the gnoll.
The gnoll is moderately wounded.
The searing ray misses the orc wizard. (Press . to maintain the ray.)
* * * LOW HITPOINT WARNING * * *
The gnoll hits you but does no damage. The gnoll barely misses you.
Unknown command.
You shred the net and break free! The gnoll hits you with a +0 whip.
* * * LOW HITPOINT WARNING * * *
The gnoll hits you from afar with a +0 spear!
You die...

#.........
#........
#........
#......g.
#......g######
#....ogo#....#
#....ogg#....##
#......@#.....#
#.......#.....#
#.......##'####
########.)....#
#......######
#......#....#
#......'....#
#......#....#
#......#....#


You could see a gnoll bouda, an orc wizard, 4 gnolls and 2 orcs.

Vanquished Creatures
  An ogre (D:5)
  A centaur (D:5)
  A phantom (D:5)
  A scorpion (D:5)
  3 hounds
  3 orc priests
  Jessica (D:2)
  2 gnolls (D:5)
  6 adders
  An ufetubus (D:5)
  2 worms (D:2)
  4 dart slugs
  11 orcs
  13 endoplasms
  5 giant cockroaches
  6 goblins
  10 hobgoblins
  9 jackals
  6 kobolds
  3 quokkas
  6 ball pythons
  6 bats
  6 frilled lizards
  2 rats (D:1)
109 creatures vanquished.

Vanquished Creatures (others)
  5 fulminant prisms (D:5)
5 creatures vanquished.

Grand Total: 114 creatures vanquished

Notes
Turn   | Place    | Note
-------+----------+-------------------------------------------
     0 | D:1      | DwarfAlpaca the Djinni Conjurer began the quest for the
                  | Orb.
     0 | D:1      | DwarfAlpaca set off with the following spells memorised:
                  | Magic Dart, Searing Ray, Dazzling Flash, Fulminant Prism,
                  | Iskenderun's Mystic Blast.
     0 | D:1      | Reached XP level 1. HP: 15/15 MP: 0/0
   111 | D:1      | Reached XP level 2. HP: 20/21 MP: 0/0
   542 | D:1      | Reached XP level 3. HP: 22/25 MP: 0/0
   542 | D:1      | Learned a level 1 spell: Beastly Appendage
   674 | D:1      | Reached skill level 4 in Spellcasting
  1125 | D:2      | Reached XP level 4. HP: 27/31 MP: 0/0
  1242 | D:2      | Noticed Jessica
  1246 | D:2      | Killed Jessica
  1323 | D:2      | Reached XP level 5. HP: 31/35 MP: 0/0
  1323 | D:2      | Learned a level 2 spell: Scorch
  1376 | D:2      | Noticed Sigmund
  1467 | D:2      | Found a faded altar of an unknown god.
  2203 | D:2      | Reached skill level 5 in Spellcasting
  2387 | D:4      | Found an ornate altar of the Wu Jian Council.
  2690 | D:4      | Reached XP level 6. HP: 37/40 MP: 0/0
  3347 | D:5      | Entered Level 5 of the Dungeon
  3448 | D:5      | Reached skill level 6 in Spellcasting
  3493 | D:5      | Noticed an ogre
  3504 | D:5      | Killed an ogre
  3505 | D:5      | Reached XP level 7. HP: 35/45 MP: 0/0
  3505 | D:5      | Learned a level 2 spell: Ensorcelled Hibernation
  3702 | D:5      | Reached skill level 7 in Spellcasting
  3872 | D:5      | Slain by a gnoll

Illustrated notes

Levels and vault maps discovered:
D:1:      dpeg_arrival_signposts, layout_loops_corners, grunt_decor_one_mirror
D:2:      layout_basic, dreamdust_ecumenical_altar_angels_and_demons,
          minmay_hexomino_u4, uniq_jessica, uniq_sigmund
D:3:      layout_basic
D:4:      layout_gridville, nicolae_overflow_crystal_walls, st_stairs_13,
          nrook_mini_backslash, kennysheep_generic_room_14
D:5:      layout_gridville, cheibrodos_gnoll_hut

Skill      XL: |  1  2  3  4  5  6  7 |
---------------+----------------------+-----
Spellcasting   | 4 5 6 7 |  7.1
Dodging        | |  2.1
Stealth        | |  1.5

Action                     |  1- 3 |  4- 6 |  7- 9 || total
---------------------------+-------+-------+-------++-------
  Melee: Dagger            |     1 |    34 |     2 ||    37
   Cast: Magic Dart        |    36 |    51 |     1 ||    88
         Searing Ray       |     9 |    22 |    12 ||    43
         Scorch            |       |     9 |       ||     9
         Fulminant Prism   |       |     2 |     3 ||     5
         Dazzling Flash    |       |     1 |       ||     1
    Use: Scroll            |       |     2 |     1 ||     3
   Stab: Sleeping          |     1 |       |       ||     1
 Armour: Robe              |     4 |    13 |     2 ||    19
  Dodge: Dodged            |     5 |    53 |     9 ||    67
